Map: Ascension to Aiur LE

Players

Adroseth

  • Race: Protoss Protoss
  • League: Diamond
  • Spawn Location: 11:00

Adapt - Winner!

  • Race: Zerg Zerg
  • League: Diamond
  • Spawn Location: 5:00

VOD

Have the link to the VOD?

Description

Time

  • Played on: Dec. 19, 2017, 10:27 p.m.
  • Length: 13:29
Show
View Real Time Build Order
Export as new Build Order

Adroseth Protoss 

Build Orders: 1 Gate Expand, Oracle Opening 

Get SALT Encoding   

  12  0:00  Probe  
  13  0:14  Probe  
  13  0:19  Pylon  
  14  0:26  Probe  
  15  0:38  Gateway  
  16  0:42  Probe (Chrono Boost)  
  16  0:45  Assimilator  
  17  0:58  Probe x2 (Chrono Boost)  
  18  1:07  Probe  
  19  1:23  Nexus  
  19  1:32  Cybernetics Core  
  19  1:35  Probe  
  20  1:48  Probe  
  20  1:49  Assimilator  
  20  1:51  Pylon  
  22  2:02  Probe (Chrono Boost)  
  22  2:10  Warp Gate, Adept (Chrono Boost)  
  22  2:15  Probe (Chrono Boost)  
  25  2:17  Probe  
  26  2:29  Probe  
  27  2:34  Adept  
  27  2:35  Probe  
  30  2:39  Gateway  
  30  2:41  Probe  
  31  2:47  Probe  
  32  2:51  Stargate  
  32  2:53  Probe  
  33  2:59  Probe  
  34  3:06  Probe  
  34  3:11  Adept  
  37  3:21  Probe  
  37  3:25  Robotics Facility  
  38  3:29  Shield Battery  
  38  3:30  Oracle (Chrono Boost)  
  38  3:32  Gateway  
  38  3:33  Probe x2  
  43  3:45  Pylon  
  43  3:47  Pylon  
  43  3:49  Probe  
  43  3:51  Probe  
  45  4:00  Oracle (Chrono Boost)  
  45  4:01  Probe  
  46  4:03  Probe  
  50  4:13  Probe  
  50  4:15  Assimilator  
  51  4:19  Adept x2  
  51  4:21  Assimilator  
  51  4:22  Probe  
  56  4:26  Pylon  
  56  4:28  Probe  
  57  4:33  Phoenix  
  57  4:37  Adept  
  61  4:45  Pylon  
  61  4:50  Probe  
  62  5:02  Adept  
  62  5:03  Adept  
  66  5:13  Immortal  
  70  5:22  Probe  
  71  5:28  Gateway  
  71  5:29  Nexus  
  71  5:30  Gateway  
  71  5:31  Gateway  
  71  5:34  Pylon  
  71  5:37  Probe  
  71  5:38  Forge  
  71  5:40  Twilight Council  
  72  5:43  Probe  
  72  5:48  Adept  
  72  5:49  Probe  
  76  5:55  Probe  
  77  6:01  Gateway  
  77  6:02  Gateway  
  77  6:04  Gateway  
  79  6:12  Probe (Chrono Boost)  
  79  6:13  Probe (Chrono Boost)  
  81  6:20  Probe x2 (Chrono Boost)  
  81  6:39  Protoss Ground Weapons Level 1 (Chrono Boost)  
  76  6:43  Photon Cannon  
  76  6:45  Charge (Chrono Boost)  
  76  6:48  Immortal  
  76  6:50  Stalker x3  
  86  6:58  Probe x3  
  89  7:08  Templar Archives  
  89  7:16  Probe  
  89  7:17  Stalker x5  
  100  7:24  Assimilator  
  100  7:29  Assimilator  
  90  7:31  Pylon, Immortal  
  94  7:43  Photon Cannon  
  94  7:44  Shield Battery  
  94  7:45  Photon Cannon  
  94  7:46  Probe x3  
  98  7:58  Probe x3  
  98  8:05  Zealot x4  
  104  8:10  Probe  
  104  8:11  Psionic Storm  
  109  8:14  Pylon  
  109  8:16  Pylon  
  109  8:17  Pylon  
  109  8:18  Nexus  
  108  8:38  Blink  
  108  8:41  Pylon  
  108  8:44  High Templar x3, Pylon  
  108  8:45  High Templar x2  
  108  8:48  Immortal, Assimilator  
  122  8:49  Archon  
  122  8:52  Assimilator  
  122  8:55  Pylon  
  122  9:01  Robotics Bay  
  122  9:07  Photon Cannon  
  122  9:09  Photon Cannon  
  122  9:11  Photon Cannon, Adept x2  
  126  9:32  Zealot x6  
  126  9:33  Zealot x2  
  142  9:46  Probe x4  
  142  9:48  Shield Battery  
  142  9:51  Extended Thermal Lance  
  146  9:53  High Templar x3  
  146  9:54  High Templar  
  146  9:58  Probe x2  
  154  10:04  Observer (Chrono Boost)  
  153  10:14  Fleet Beacon  
  153  10:28  Observer (Chrono Boost)  
  154  10:33  Zealot  
  154  10:34  Zealot x6  
  168  10:42  Stalker  
  169  11:09  Photon Cannon  
  169  11:12  Photon Cannon  
  169  11:14  Photon Cannon  
  169  11:18  Gateway  
  169  11:19  Gateway  
  169  11:22  Gateway  
  169  11:41  Colossus  
  147  12:03  Zealot x5  
  147  12:04  Zealot x3  
  115  12:27  High Templar x4  
  115  12:28  High Templar x4  
  129  12:32  Archon x2  
  129  12:34  Archon x2  
  126  13:12  Zealot x2  
  126  13:13  Zealot x6  
Show
View Real Time Build Order
Export as new Build Order

Adapt Zerg - Winner!

Build Orders: Hatch First, Lurkers 

Get SALT Encoding   

  12  0:01  Drone  
  13  0:12  Overlord  
  13  0:17  Drone  
  14  0:30  Drone x2  
  14  0:34  Drone  
  17  0:52  Hatchery  
  17  0:55  Drone  
  17  0:59  Drone  
  17  1:01  Extractor  
  17  1:17  Spawning Pool  
  17  1:18  Drone  
  17  1:22  Drone  
  18  1:30  Drone  
  19  1:39  Overlord  
  19  2:03  Metabolic Boost  
  19  2:04  Queen  
  19  2:05  Queen  
  19  2:06  Zergling x2  
  19  2:07  Zergling x2  
  25  2:10  Zergling x2  
  25  2:14  Drone  
  27  2:17  Drone  
  28  2:38  Drone  
  29  2:46  Hatchery  
  29  2:48  Drone x3  
  31  2:53  Overlord  
  31  3:12  Drone x2  
  33  3:13  Drone x3  
  36  3:20  Drone  
  36  3:21  Drone x5  
  42  3:27  Queen  
  42  3:31  Overlord  
  44  3:45  Overlord  
  44  3:46  Overlord  
  44  3:52  Evolution Chamber  
  44  3:53  Zergling x2  
  44  4:07  Queen x2  
  44  4:09  Queen  
  50  4:10  Zergling x12  
  50  4:16  Drone  
  50  4:17  Baneling Nest, Drone  
  56  4:20  Spore Crawler  
  56  4:24  Drone  
  56  4:26  Drone  
  56  4:29  Spore Crawler  
  56  4:31  Drone  
  58  4:33  Drone  
  58  4:34  Spore Crawler  
  58  4:41  Drone x4  
  58  4:42  Drone  
  58  4:45  Drone  
  64  4:56  Drone  
  64  4:57  Drone x5  
  70  5:07  Drone  
  70  5:08  Drone x3  
  70  5:11  Extractor x2  
  72  5:22  Lair  
  72  5:23  Drone, Extractor  
  72  5:24  Drone x2  
  72  5:27  Baneling  
  72  5:28  Baneling x8  
  74  5:34  Overlord x3  
  74  5:35  Overlord  
  74  5:51  Spore Crawler x2  
  74  5:54  Drone x5  
  74  5:55  Drone x3  
  80  6:03  Extractor x2  
  78  6:09  Spore Crawler x2  
  78  6:10  Drone x3  
  78  6:11  Drone x3  
  81  6:12  Extractor  
  81  6:13  Hatchery  
  81  6:16  Extractor  
  79  6:19  Zerg Melee Weapons Level 1  
  79  6:20  Evolution Chamber, Centrifical Hooks  
  78  6:29  Zergling x14  
  83  6:44  Drone x2  
  83  6:45  Drone x4  
  88  6:47  Queen x2  
  88  6:48  Queen  
  94  7:01  Zerg Ground Armor Level 1  
  94  7:06  Drone x4  
  94  7:07  Overlord  
  94  7:08  Overlord x2  
  98  7:15  Overseer x2  
  98  7:23  Pneumatized Carapace  
  93  7:34  Hydralisk Den  
  92  7:45  Drone x10  
  92  7:46  Drone x5  
  107  7:57  Zergling x4  
  109  8:07  Evolution Chamber  
  108  8:13  Spore Crawler  
  108  8:14  Zerg Missile Weapons Level 1  
  108  8:18  Hydralisk  
  108  8:19  Muscular Augments, Hydralisk x9  
  126  8:35  Hydralisk  
  126  8:36  Hydralisk  
  126  8:40  Overlord x7  
  127  8:42  Lurker Den  
  126  8:51  Overlord x5  
  126  8:57  Infestation Pit, Zerg Melee Weapons Level 2  
  126  9:00  Zerg Ground Armor Level 2  
  125  9:10  Drone x6  
  125  9:11  Drone x2  
  125  9:14  Hydralisk  
  125  9:15  Hydralisk x2  
  139  9:18  Zergling x6  
  142  9:39  Nydus Network  
  141  9:47  Overseer  
  141  9:53  Baneling  
  141  9:54  Baneling x3  
  141  10:01  Zergling x6  
  141  10:02  Zergling x32  
  141  10:05  Baneling  
  141  10:06  Hydralisk, Baneling x17  
  162  10:07  Hydralisk x2  
  162  10:09  Lurker  
  162  10:10  Lurker x11  
  178  10:27  Hydralisk x9  
  196  10:33  Hive  
  194  10:52  Overseer  
  194  10:56  Overseer x4  
  194  11:01  Lurker x4  
  194  11:02  Lurker  
  199  11:04  Zergling x2  
  200  11:17  Nydus Canal  
  200  11:31  Nydus Canal  
  155  12:24  Hydralisk  
  155  12:25  Hydralisk x15  
  155  12:26  Hydralisk x6  
  197  12:44  Hydralisk  
  193  13:04  Ultralisk Cavern  
Tags
 
Add a new tag
Caveats
  • Supply blocks, unpowered buildings, or Contaminate may cause inaccurate times.
  • Supply counts are checked every 10 seconds.